Get step-by-step instructions on how to execute this build order below. Start the game timer, and the build order will tick by so you can play in parallel with StarCraft on a second screen or mobile device.

Game Time

  0:00

Last Step

  N/A

Next Step

Upcoming Step



Don't want to look back and forth between 2 screens? Try out our Overwolf App, the Spawning Tool Build Advisor to get an in-game overlay with this build!

Complete Build Order

  12  0:00  Probe  
  13  0:12  Probe  
  14  0:17  Pylon  
  14  0:24  Probe  
  15  0:35  Gateway  
  15  0:36  Probe (Chrono Boost)  
  15  0:42  Assimilator  
  16  0:46  Probe (Chrono Boost)  
  17  0:52  Probe  
  18  1:04  Probe  
  19  1:16  Probe  
  20  1:23  Cybernetics Core  
  20  1:33  Nexus  
  20  1:39  Pylon  
  20  1:42  Probe  
  21  1:48  Assimilator  
  21  1:54  Probe  
  21  1:56  Adept (Chrono Boost)  
  21  2:00  Warp Gate  
  24  2:06  Probe (Chrono Boost)  
  26  2:16  Probe (Chrono Boost)  
  26  2:19  Adept  
  26  2:21  Probe (Chrono Boost)  
  28  2:27  Twilight Council  
  29  2:32  Probe  
  30  2:46  Probe (Chrono Boost)  
  30  2:49  Stalker  
  34  2:51  Probe (Chrono Boost)  
  34  2:55  Probe (Chrono Boost)  
  34  2:57  Gateway  
  36  2:59  Probe (Chrono Boost)  
  36  3:00  Probe (Chrono Boost)  
  37  3:10  Probe  
  37  3:12  Blink (Chrono Boost), Probe  
  36  3:22  Probe  
  36  3:24  Probe  
  38  3:30  Robotics Facility  
  38  3:34  Probe  
  38  3:37  Probe  
  40  3:42  Pylon  
  40  3:46  Probe  
  40  3:47  Assimilator  
  41  3:49  Probe  
  41  3:50  Assimilator  
  42  3:58  Probe  
  42  4:00  Stalker x2  
  42  4:01  Probe  
  46  4:10  Probe  
  46  4:13  Probe  
  48  4:18  Observer  
  48  4:20  Pylon  
  48  4:23  Robotics Bay, Probe  
  50  4:25  Probe  
  50  4:27  Stalker  
  53  4:35  Probe  
  53  4:38  Probe  
  53  4:47  Probe  
  53  4:50  Observer, Probe  
  56  4:58  Nexus  
  56  4:59  Probe  
  57  5:02  Pylon  
  57  5:04  Probe  
  58  5:09  Stalker  
  60  5:16  Colossus (Chrono Boost)  
  60  5:20  Probe  
  67  5:26  Extended Thermal Lance  
  67  5:27  Probe  
  68  5:32  Probe  
  69  5:37  Pylon  
  69  5:39  Probe  
  69  5:41  Observer  
  69  5:42  Pylon  
  70  5:43  Shield Battery  
  70  5:46  Charge  
  70  5:49  Pylon  
  70  5:51  Forge  
  70  5:53  Pylon  
  70  5:55  Probe x2  
  70  5:56  Stalker  
  74  6:01  Colossus (Chrono Boost)  
  74  6:07  Sentry  
  74  6:10  Probe  
  74  6:11  Probe  
  84  6:19  Gateway x2  
  84  6:20  Probe  
  84  6:22  Protoss Ground Weapons Level 1 (Chrono Boost), Probe  
  84  6:24  Pylon  
  86  6:29  Probe  
  88  6:32  Probe  
  88  6:33  Stalker  
  88  6:34  Sentry  
  88  6:36  Pylon  
  92  6:44  Colossus (Chrono Boost)  
  98  6:53  Gateway  
  98  6:54  Gateway  
  98  6:55  Assimilator  
  98  6:56  Pylon  
  98  7:03  Gateway x2  
  98  7:06  Pylon  
  98  7:07  Stalker  
  100  7:11  Shield Battery, Probe x2  
  100  7:14  Stalker  
  104  7:16  Stalker  
  106  7:25  Warp Prism (Chrono Boost)  
  106  7:27  Zealot  
  110  7:35  Stalker  
  108  7:40  Stalker x2  
  110  7:45  Shield Battery  
  110  7:47  Pylon  
  110  7:48  Gateway x2  
  110  7:50  Templar Archives  
  110  7:59  Zealot x5  
  124  8:05  Immortal (Chrono Boost)  
  124  8:07  Probe  
  124  8:09  Protoss Ground Weapons Level 2 (Chrono Boost)  
  124  8:10  Probe  
  126  8:18  Pylon  
  126  8:19  Pylon  
  126  8:21  Zealot x3  
  132  8:30  Stalker x2  
  118  8:38  Stalker x2  
  118  8:39  Probe, Stalker  
  116  8:45  Zealot x2  
  116  8:47  Probe  
  119  8:51  Zealot  
  119  8:57  Zealot x2, Shield Battery  
  119  9:01  Probe  
  118  9:05  Observer (Chrono Boost)  
  119  9:12  High Templar x4  
  119  9:14  Probe  
  128  9:23  Stalker x4  
  135  9:26  Archon  
  135  9:27  Archon  
  135  9:37  Pylon  
  135  9:39  Pylon  
  135  9:49  Zealot x5  
  145  9:54  Nexus  
  145  9:56  Pylon  
  145  10:04  High Templar x2, Photon Cannon  
  149  10:07  Observer, Probe  
  149  10:11  Protoss Ground Armor Level 1 (Chrono Boost)  
  150  10:16  Zealot x4, Archon  
  158  10:22  Observer (Chrono Boost)  
  159  10:29  Zealot x3, Shield Battery  
  159  10:30  Zealot  
  163  10:35  Disruptor (Chrono Boost)  
  167  10:53  Zealot x2  
  167  10:54  Zealot  
  173  10:57  Pylon  
  173  10:59  Pylon  
  173  11:00  Forge  
  169  11:07  Disruptor  
  171  11:14  Robotics Facility  
  171  11:15  Pylon, Probe  
  162  11:20  Nexus  
  162  11:23  Probe  
  162  11:25  Probe x2  
  161  11:27  Probe  
  161  11:28  Pylon  
  160  11:35  Zealot x4, Probe  
  160  11:37  Probe x2  
  170  11:46  Protoss Ground Armor Level 2 (Chrono Boost)  
  174  11:48  Disruptor (Chrono Boost)  
  174  11:52  Zealot x6  
  178  12:04  Protoss Ground Weapons Level 3 (Chrono Boost)  
  159  12:18  Observer  
  159  12:19  Warp Prism (Chrono Boost)  
  159  12:20  Observer  
  161  12:24  Zealot x6, Pylon  
  177  12:30  Immortal (Chrono Boost)  
  177  12:33  Observer  
  177  12:38  Gateway  
  177  12:39  Gateway  
  177  12:43  Observer (Chrono Boost)  
  178  12:49  Stalker x3  
  178  12:50  Zealot x3  
  190  12:54  Immortal (Chrono Boost)  
  190  12:57  Immortal (Chrono Boost)  
  198  13:10  Probe x2  
  198  13:12  Shield Battery  
  200  13:14  Photon Cannon  
  200  13:16  Photon Cannon  
  200  13:17  Photon Cannon  
  200  13:21  Photon Cannon  
  200  13:22  Shield Battery  
  168  13:42  Zealot x3  
  168  13:43  Zealot x9  
  168  13:48  Probe  
  145  13:51  Probe  
  145  13:55  Disruptor x2  
  142  14:09  Zealot x2  
  144  14:10  Zealot x9